 Dungeon Crawl Stone Soup version 0.28.0 (webtiles) character file.

Game seed: 6923912820700930899

219 horus123 the Changer (level 6, -11/46 HPs)
             Began as a Human Wanderer on Feb 14, 2022.
             Killed from afar by an orc wizard (12 damage)
             ... with a puff of flame
             ... on level 3 of the Dungeon.
             The game lasted 00:07:44 (4000 turns).

horus123 the Changer (Human Wanderer)               Turns: 4000, Time: 00:07:44

Health: -11/46     AC:  3    Str: 10    XL:     6   Next: 17%
Magic:  9/9        EV: 10    Int: 18    God:
Gold:   121        SH:  0    Dex: 11    Spells: 3/9 levels left

rFire   . . .      SeeInvis .   b - +1 glaive
rCold   . . .      Faith    .   (shield currently unavailable)
rNeg    . . .      Spirit   .   h - +0 leather armour
rPois   .          Reflect  .   (no helmet)
rElec   .          Harm     .   (no cloak)
rCorr   .          Rampage  .   (no gloves)
Will    .....                   (no boots)
Stlth   +.........              (no amulet)
HPRegen 0.15/turn               d - ring of wizardry
MPRegen 0.11/turn               (no ring)

@: no status effects
A: no striking features
a: no special abilities


You were on level 3 of the Dungeon.
You visited 1 branch of the dungeon, and saw 3 of its levels.

You collected 121 gold pieces.

Inventory:

Hand Weapons
 b - a +1 glaive (weapon)
Missiles
 a - a throwing net
 c - 5 poisoned darts
Armour
 h - a +0 leather armour (worn)
Jewellery
 d - a ring of wizardry (left hand)
Scrolls
 g - 3 scrolls of identify
Potions
 e - a potion of cancellation


   Skills:
 - Level 2.4 Fighting
 - Level 3.0 Armour
 - Level 2.0 Spellcasting
 - Level 1.0 Hexes
 - Level 4.1 Transmutations
 + Level 4.0 Poison Magic
 - Level 1.0 Evocations


You had 3 spell levels left.
You knew the following spells:

 Your Spells              Type           Power      Damage    Failure   Level
a - Sting                 Tmut/Pois      64%        1d6       1%          1
b - Poisonous Vapours     Pois/Air       18%        N/A       6%          2
c - Ignite Poison         Fire/Tmut/Pois 11%        N/A       9%          3

Your spell library contained the following spells:

 Spells                   Type           Power      Damage    Failure   Level
 Slow                     Hex            20%        N/A       6%          1
 Portal Projectile        Hex/Tloc       6%         N/A       22%         3
 Gell's Gravitas          Tloc           1%         N/A       26%         3
 Lesser Beckoning         Tloc           1%         N/A       26%         3
 Teleport Other           Tloc           1%         N/A       26%         3
 Iskenderun's Battlesphe  Conj           1%         2d6       92%         5
 Iron Shot                Conj/Erth      0%         9d1       100%        6
 Spellforged Servitor     Conj/Summ      0%         N/A       100%        7


Dungeon Overview and Level Annotations

Branches:
Dungeon (3/15)

Altars:
Xom

Shops:
D:3 =*:(


Message History

The puff of flame hits you!
You closely miss something.
You hear some strange, mumbled words.
You are confused.
You hear some strange, mumbled words.
Something tries to affect you, but you resist.
You completely miss something. Something completely misses you.
You hear some strange, mumbled words.
A puff of flame appears from out of thin air!
The puff of flame hits you!
You bump into the rock wall.
Something hits you.
You bump into the rock wall.
Something hits you.
You miss something. Something hits you.
You bump into the rock wall.
You feel less confused. Something hits you.
* * * LOW HITPOINT WARNING * * *
You barely miss something. Something hits you.
* * * LOW HITPOINT WARNING * * *
Something hits you.
* * * LOW HITPOINT WARNING * * *
Things that are here:
a +0 dagger; a +0 leather armour
Okay, then.
A magic dart appears from out of thin air!
The magic dart hits you!
* * * LOW HITPOINT WARNING * * *
You miss something. Something hits you.
* * * LOW HITPOINT WARNING * * *
Something completely misses you.
You miss something.
You hear some strange, mumbled words.
Something tries to affect you, but you resist.
You barely miss something.
An orc wizard appears from thin air!
Reactivating autopickup.
The orc wizard hits you with a +0 dagger.
* * * LOW HITPOINT WARNING * * *
The orc wizard points at you and mumbles some strange words.
The puff of flame hits you!
You die...

#...........###....).)......
. #######.#####
#..#####.#.#.. #.# #..# #
#.##### #..# #.....# #.)#
#####.# #g.# #.# #..#
#.###..# #..@og.# #####.##
#.# ###


You could see an orc wizard and a gnoll.

Vanquished Creatures
  An ogre (D:3)
  Natasha (twice) (D:3)
  An adder (D:2)
  A white imp (D:3)
  2 dart slugs (D:2)
  3 orcs (D:3)
  6 ball pythons
  8 bats
  9 endoplasms
  2 giant cockroaches
  5 goblins
  7 hobgoblins
  3 kobolds
  2 quokkas (D:2)
  5 frilled lizards
  3 rats
60 creatures vanquished.

Notes
Turn   | Place    | Note
-------+----------+-------------------------------------------
     0 | D:1      | horus123 the Human Wanderer began the quest for the Orb.
     0 | D:1      | horus123 set off with the following items: a +0 club, a +0
                  | ring mail; and the following spells available to memorise:
                  | Sting, Slow, Poisonous Vapours, Ignite Poison, Portal
                  | Projectile
     0 | D:1      | Reached XP level 1. HP: 13/13 MP: 2/2
    67 | D:1      | Reached skill level 1 in Fighting
   179 | D:1      | Reached XP level 2. HP: 3/21 MP: 3/3
   573 | D:1      | Found a faded altar of an unknown god.
  1040 | D:1      | Reached XP level 3. HP: 28/28 MP: 4/4
  1123 | D:1      | Learned a level 1 spell: Sting
  1126 | D:1      | Learned a level 2 spell: Poisonous Vapours
  2262 | D:2      | Reached XP level 4. HP: 33/34 MP: 5/7
  2537 | D:2      | Reached skill level 1 in Transmutations
  2799 | D:2      | Found a shimmering altar of Xom.
  3262 | D:3      | Found Nawioll's Weapon Emporium.
  3278 | D:3      | Noticed Natasha
  3282 | D:3      | Killed Natasha
  3348 | D:3      | Reached XP level 5. HP: 19/39 MP: 5/8
  3440 | D:3      | Noticed Natasha
  3445 | D:3      | Killed Natasha
  3691 | D:3      | Found Kofol's Assorted Antiques.
  3706 | D:3      | Noticed an ogre
  3718 | D:3      | Found Ubextioq's Jewellery Shoppe.
  3723 | D:3      | Killed an ogre
  3724 | D:3      | Reached XP level 6. HP: 20/46 MP: 6/9
  3957 | D:3      | Found Akegip's Book Shoppe.
  3963 | D:3      | Learned a level 3 spell: Ignite Poison
  4000 | D:3      | HP: 1/46 [orc wizard (3)]
  4000 | D:3      | Killed from afar by an orc wizard

Illustrated notes

Levels and vault maps discovered:
D:1:      saegor_arrival_fortress, layout_basic, basic_ecumenical_altar
D:2:      layout_loops_corners, basic_altar, minmay_domino_2
D:3:      layout_basic, serial_shops, nicolae_diamond_shop,
          nicolae_shop_statue_plus, shop, nicolae_shop_stone,
          nicolae_lakefront_shop, chequers_serial_rivers_micro_a,
          minmay_misc_feat_rugged, uniq_natasha

Skill      XL: |  1  2  3  4  5 |
---------------+----------------+-----
Fighting       | 1 2 |  2.4
Spellcasting   | 2 |  2.0
Transmutations | 2 4 |  4.1
Armour         | |  3.0
Hexes          | |  1.0
Poison Magic   | |  4.0
Evocations     | |  1.0

Action                   |  1- 3 |  4- 6 || total
-------------------------+-------+-------++-------
Melee: Club              |    94 |       ||    94
       Glaive            |       |    48 ||    48
 Cast: Sting             |    24 |    24 ||    48
  Use: Scroll            |     5 |     1 ||     6
 Stab: Sleeping          |       |     1 ||     1
Armor: Ring mail         |    34 |       ||    34
       Chain mail        |    48 |       ||    48
       Leather armour    |     7 |    10 ||    17
Dodge: Dodged            |    55 |    16 ||    71
